 Dungeon Crawl Stone Soup version 0.27-a0-416-gca2cecf3c0 (webtiles) character file.

Game seed: 12728760169465654332

34102 rageheart7 the Impaler (level 13, -3/104 HPs)
             Began as a Merfolk Monk on Feb 24, 2021.
             Was a Believer of Ru.
             Slain by a large slime creature (14 damage)
             ... while petrified by Jorgrun
             ... on level 14 of the Dungeon.
             The game lasted 00:50:38 (17989 turns).

rageheart7 the Impaler (Merfolk Monk)              Turns: 17989, Time: 00:50:38

Health: -3/104     AC: 17    Str: 18    XL:     13   Next: 75%
Magic:  20/20      EV:  2    Int: 11    God:    Ru [**....]
Gold:   1108       SH:  0    Dex: 15    Spells: 11/24 levels left

rFire    . . .     SeeInvis .   G - +4 halberd
rCold    . . .     Faith    .   (shield currently unavailable)
rNeg     + + +     Spirit   .   z - +2 robe of Vines {NoPotionHeal Regen+++}
rPois    ∞         Reflect  .   q - +2 helmet
rElec    .         Harm     .   d - +1 cloak {rPois}
rCorr    .         Rampage  .   (no gloves)
Will     .....                  k - +2 pair of boots
Stlth    ..........             (no amulet)
HPRegen  3.27/turn              i - +4 ring of slaying
MPRegen  0.17/turn              p - +4 ring of protection

@: petrified
A: change form in water, swift swim, stealthy swim, clever 1, clumsy 1, low mp
1, poison resistance, strong 1, no stealth, reduced EV 1
a: Renounce Religion


You were on level 14 of the Dungeon.
You worshipped Ru.
Ru was pleased with you.
You visited 1 branch of the dungeon, and saw 14 of its levels.
You also visited: Ossuary.

You collected 1108 gold pieces.

Inventory:

Hand Weapons
 a - a +6 battleaxe
 D - a +4 trident
 G - a +4 halberd (weapon)
Missiles
 o - 13 boomerangs (quivered)
Armour
 d - a +1 cloak of poison resistance (worn)
 k - a +2 pair of boots (worn)
 q - a +2 helmet (worn)
 z - the +2 robe of Vines (worn) {NoPotionHeal Regen+++}
   (You found it on level 9 of the Dungeon)

   It increases your rate of regeneration.
 H - the +5 plate armour of Unreason {rC+++ Regen+ rCorr Dex-2}
   (You took it off an orc warrior on level 9 of the Dungeon)

   It affects your dexterity (-2).
   It renders you almost immune to cold.
   It increases your rate of regeneration.
   It provides partial protection from all sources of acid and corrosion.
Jewellery
 i - a +4 ring of slaying (left hand)
 p - a +4 ring of protection (right hand)
 t - a ring of flight
Wands
 b - a wand of charming (9)
 c - a wand of flame (32)
 l - a wand of polymorph (10)
 A - a wand of digging (9)
 I - a wand of random effects (51)
 J - a wand of acid (2)
 N - a wand of iceblast (4)
Scrolls
 e - 8 scrolls of teleportation
 g - 4 scrolls of enchant weapon
 j - 3 scrolls of enchant armour
 u - 2 scrolls of summoning
 x - a scroll of noise
 y - 4 scrolls of magic mapping
 L - 2 scrolls of blinking
 M - a scroll of identify
Potions
 f - a potion of might
 h - 6 potions of flight
 m - a potion of ambrosia
 r - a potion of resistance
 s - a potion of lignification
 v - 2 potions of cancellation
 w - a potion of attraction
 B - a potion of berserk rage
 C - 4 potions of curing
 K - a potion of experience {unknown}
Miscellaneous
 n - a phial of floods (inert)
 E - a lightning rod (4/4)
 F - a tin of tremorstones (2/2)


   Skills:
 + Level 10.6 Fighting
 - Level 1.0(1.1) Short Blades
 - Level 0.6(0.9) Long Blades
 - Level 0.4 Maces & Flails
 - Level 16.1 Polearms
 - Level 0.6 Bows
 - Level 0.6 Crossbows
 + Level 8.4 Armour
 - Level 13.6 Dodging
   Level 0.0 Stealth
 - Level 0.5 Shields
 - Level 6.2 Spellcasting
 - Level 1.1 Hexes
 - Level 1.3 Summonings
 - Level 0.9 Necromancy
 - Level 0.3 Translocations
 - Level 0.8 Transmutations
 - Level 0.8 Fire Magic
 * Level 5.2 Ice Magic
 - Level 1.0 Earth Magic
 - Level 1.2 Poison Magic
 - Level 1.0 Invocations


You had 11 spell levels left.
You knew the following spells:

 Your Spells              Type           Power        Failure   Level
a - Freeze                Ice            60%          2%          1
b - Frozen Ramparts       Ice            30%          7%          3
c - Ozocubu's Armour      Ice            15%          7%          3
d - Hailstorm             Conj/Ice       9%           54%         4
e - Swiftness             Air            3%           28%         2

Your spell library contained the following spells:

 Spells                   Type           Power        Failure   Level
 Ensorcelled Hibernation  Hex/Ice        20%          8%          2
 Summon Small Mammal      Summ           24%          11%         1
 Corona                   Hex            5%           12%         1
 Sandblast                Erth           10%          12%         1
 Call Imp                 Summ           6%           17%         2
 Shock                    Conj/Air       12%          19%         1
 Passwall                 Tmut/Erth      4%           19%         2
 Call Canine Familiar     Summ           6%           32%         3
 Confusing Touch          Hex            5%           34%         3
 Summon Guardian Golem    Hex/Summ       6%           34%         3
 Tukima's Dance           Hex            5%           34%         3
 Ignite Poison            Fire/Tmut/Pois 5%           36%         3
 Dazzling Flash           Conj/Hex       8%           41%         3
 Stone Arrow              Conj/Erth      8%           41%         3
 Summon Ice Beast         Ice/Summ       10%          43%         4
 Static Discharge         Conj/Air       3%           50%         3
 Petrify                  Tmut/Erth      5%           77%         4
 Summon Lightning Spire   Summ/Air       4%           82%         4
 Airstrike                Air            1%           88%         4
 Lee's Rapid Deconstruct  Erth           2%           98%         5
 Fireball                 Conj/Fire      2%           99%         5
 Lightning Bolt           Conj/Air       1%           99%         5
 Starburst                Conj/Fire      2%           100%        6
 Ignition                 Fire           2%           100%        8


Dungeon Overview and Level Annotations

Branches:
Dungeon (14/15)            Temple (0/1) D:5            Lair (0/6) D:10
    Orc (0/2) D:11        Ossuary (visited)
 Vaults: D:13-14

Altars:
Ashenzari
Dithmenos
Fedhas
Gozag
Hepliaklqana
Kikubaaqudgha
Okawaru
Ru
Sif Muna
Trog
Vehumet
Xom
Yredelemnul
The Shining One
Beogh

Annotations:
D:8 1 runed translucent door, snackwell's ghost, novice MfTm
D:13 2 transporters, Wipuing's ghost, journeyman MiBe
D:14 Jorgrun


Innate Abilities, Weirdness & Mutations

You revert to your normal form in water.
You are very nimble and swift while swimming.
You are very stealthy in the water. (Stealth+)
Your magical capacity is low. (-10% MP)
You cannot be stealthy.
You have somewhat slow reflexes. (EV -5)
Your mind is acute. (Int +2)
You are clumsy. (Dex -2)
Your system is resistant to poisons. (rPois)
Your muscles are strong. (Str +2)


Message History

The bullfrog hits you but does no damage.
The kobold hits you but does no damage.
The wyvern skeleton bites you but does no damage.
Jorgrun hits you but does no damage. The slime creature hits you!
The orc hits you but does no damage. The large slime creature hits you!!
The kobold brigand hits you with a +0 dagger.
The bullfrog hits you but does no damage.
The wyvern skeleton bites you. The kobold barely misses you.
The slime creature hits you but does no damage.
You redirect Jorgrun's attack! x2
Jorgrun hits the kobold with a +0 vorpal quarterstaff!
The kobold dies!
The large slime creature hits you!!
* * * LOW HITPOINT WARNING * * *
The orc hits you but does no damage.
The bullfrog hits you but does no damage.
The death knight begins to pray, but is stunned by your conviction!
The wyvern skeleton barely misses you.
The kobold brigand hits you but does no damage.
Jorgrun shouts!
The bullfrog hits you but does no damage.
The kobold completely misses you. The slime creature hits you.
Jorgrun says, "Yer just na down-ta-earth enough."
Jorgrun hits you with a +0 vorpal quarterstaff!
* * * LOW HITPOINT WARNING * * *
x2 The large slime creature hits you!
* * * LOW HITPOINT WARNING * * *
The wyvern skeleton bites you but does no damage.
The orc hits you with a +0 mace of protection.
* * * LOW HITPOINT WARNING * * *
The kobold brigand completely misses you.
The bullfrog is stunned by your conviction and fails to attack.
You redirect the kobold's attack!
The kobold closely misses the bullfrog.
The bullfrog hits you but does no damage.
The slime creature hits you!
* * * LOW HITPOINT WARNING * * *
The wyvern skeleton bites you but does no damage.
The large slime creature hits you!!
You die...

#.........#
#####...### ##...#
##....# #.....#
#.#....# . ###
###...)###### .#
....###..oJgK...##.
.#...C...F@JW.p..W
....op...ZKK.....#
##.....o.........#
##.###...#####..##..#.
... #......<.........
#.# #...######.##.##.
.. ##### ... .##.. .#
##


You could see Jorgrun, a death knight, a vault guard, a large slime creature, a
slime creature, a cyclops, a phantasmal warrior, a freezing wraith, a kobold
brigand, a bullfrog, an orc priest, 2 orcs, 2 kobolds and a wyvern skeleton.

Vanquished Creatures
  Rupert (D:13)
  Gastronok (D:12)
  A fire dragon (D:9)
  2 hydras
  Erica (D:8)
  5 two-headed ogres
  A tengu warrior (D:13)
  The ghost of ENesbit the Spear-Bearer, a novice HuGl of Okawaru (D:9)
  Pikel (D:7)
  A wolf spider (D:8)
  2 deep elf pyromancers
  2 manticores (D:13)
  3 ugly things
  4 cyclopes
  3 gargoyles
  2 kobold demonologists (D:12)
  A tengu conjurer (D:13)
  2 trolls
  2 hornets
  2 slime creatures (D:13)
  Sigmund (D:2)
  2 wraiths
  2 wyverns (D:11)
  A water elemental (D:13)
  15 yaks
  3 shadows
  A steam dragon (D:10)
  3 vampire mosquitoes (D:11)
  A warg (D:9)
  Edmund (D:4)
  An acid dragon (D:13)
  4 orc warriors
  5 sky beasts
  A black bear (D:12)
  6 ice beasts
  3 necrophages
  A hornet zombie (D:7)
  An eye of draining (D:11)
  10 ogres
  7 centaurs
  A phantom (D:8)
  3 lemures (D:7)
  6 kobold brigands
  7 bullfrogs
  A water moccasin zombie (D:7)
  2 wyvern zombies
  4 scorpions
  15 killer bees
  2 troll zombies (D:11)
  21 wights
  A bullfrog zombie (D:13)
  An electric eel (D:13)
  4 howler monkeys
  3 jellies
  3 centaur zombies
  2 human zombies (Ossuary)
  8 orc priests
  2 bullfrog skeletons
  8 hounds
  2 quasits
  4 centaur skeletons
  10 orc wizards
  Jessica (D:3)
  An iguana (D:4)
  12 worker ants
  A killer bee zombie (D:8)
  6 ogre zombies (D:11)
  2 hound zombies
  3 hound skeletons
  4 mummies (Ossuary)
  A howler monkey zombie (D:6)
  10 adders
  A howler monkey skeleton (D:9)
  5 gnolls
  6 white imps
  3 ufetubi
  2 oozes
  2 adder skeletons (D:9)
  2 worms
  3 dart slugs
  4 leopard geckos
  47 orcs
  8 giant cockroaches
  3 gnoll zombies (Ossuary)
  4 goblins
  9 hobgoblins
  8 jackals
  16 kobolds
  5 quokkas
  2 ball pythons
  8 bats
  4 frilled lizards
  3 goblin zombies
  2 hobgoblin skeletons (D:11)
  3 hobgoblin zombies
  A kobold zombie (Ossuary)
  A leopard gecko skeleton (D:8)
  A leopard gecko zombie (D:7)
  2 orc skeletons (D:11)
  18 orc zombies
  2 quokka skeletons
  A quokka zombie (D:8)
  10 rats
  2 rat zombies (Ossuary)
446 creatures vanquished.

Vanquished Creatures (others)
  A hydra (D:9)
  Maurice (D:10)
  A vampire mosquito (D:11)
  A hound (D:9)
  A kobold (D:14)
  A fungus (D:13)
6 creatures vanquished.

Grand Total: 452 creatures vanquished

Notes
Turn   | Place    | Note
-------+----------+-------------------------------------------
     0 | D:1      | rageheart7 the Merfolk Monk began the quest for the Orb.
     0 | D:1      | Reached XP level 1. HP: 18/18 MP: 1/1
   369 | D:1      | Reached XP level 2. HP: 24/24 MP: 2/2
   825 | D:1      | Reached skill level 5 in Polearms
  1003 | D:2      | Reached XP level 3. HP: 29/30 MP: 3/3
  1421 | D:2      | Noticed Sigmund
  1472 | D:2      | Killed Sigmund
  1473 | D:2      | Reached skill level 5 in Fighting
  1473 | D:2      | Reached skill level 7 in Polearms
  1473 | D:2      | Reached XP level 4. HP: 39/39 MP: 4/4
  1473 | D:2      | Reached XP level 5. HP: 44/44 MP: 5/5
  1585 | D:2      | Reached XP level 6. HP: 51/51 MP: 6/6
  2011 | D:3      | Found a bloodstained altar of Trog.
  2022 | D:3      | Noticed Jessica
  2025 | D:3      | Found a shimmering blue altar of Sif Muna.
  2029 | D:3      | Killed Jessica
  2030 | D:3      | Reached skill level 8 in Polearms
  2033 | D:3      | Identified Sif Muna's Grimoire of Snow
  2175 | D:3      | Found a sacrificial altar of Ru.
  2766 | D:3      | Found a broken altar of Ashenzari.
  2934 | D:3      | Became a worshipper of Ru the Awakened
  2937 | D:3      | Gained mutation: You cannot be stealthy. [Ru sacrifice]
  3048 | D:4      | Reached skill level 9 in Polearms
  3048 | D:4      | Reached XP level 7. HP: 48/57 MP: 7/7
  3386 | D:4      | Noticed Edmund
  3418 | D:4      | Killed Edmund
  3419 | D:4      | Reached skill level 1 in Armour
  3950 | D:4      | Found a shadowy altar of Dithmenos.
  3950 | D:4      | Found a basalt altar of Yredelemnul.
  4149 | D:5      | Entered Level 5 of the Dungeon
  4163 | D:5      | Found a sand-covered staircase.
  4183 | Ossuary  | Entered an ossuary
  4697 | D:5      | Found a blossoming altar of Fedhas.
  4817 | D:5      | HP: 3/60 [centaur/arrow (9)]
  4820 | D:5      | Reached XP level 8. HP: 14/67 MP: 8/8
  5218 | D:5      | Found a staircase to the Ecumenical Temple.
  5613 | D:5      | Learned a level 1 spell: Freeze
  5678 | D:6      | Reached skill level 5 in Dodging
  5697 | D:6      | Reached skill level 10 in Polearms
  6218 | D:6      | Found an opulent altar of Gozag.
  6329 | D:6      | Reached skill level 11 in Polearms
  6674 | D:6      | Reached skill level 12 in Polearms
  6674 | D:6      | Reached XP level 9. HP: 72/72 MP: 9/9
  6914 | D:6      | Reached skill level 1 in Ice Magic
  7156 | D:6      | Found a radiant altar of Vehumet.
  7159 | D:6      | Found a glowing golden altar of the Shining One.
  7281 | D:7      | Found an iron altar of Okawaru.
  7527 | D:6      | Reached skill level 1 in Spellcasting
  8418 | D:7      | Noticed Pikel
  8664 | D:7      | Found a sacrificial altar of Ru.
  8807 | D:7      | Killed Pikel
  8808 | D:7      | Reached XP level 10. HP: 34/79 MP: 15/15
  9502 | D:8      | Noticed a two-headed ogre
  9524 | D:8      | Killed a two-headed ogre
  9525 | D:8      | Reached skill level 13 in Polearms
  9525 | D:8      | Reached skill level 10 in Dodging
  9746 | D:8      | Noticed a seven-headed hydra
 10040 | D:8      | Reached skill level 14 in Polearms
 10041 | D:8      | Noticed a two-headed ogre
 10068 | D:8      | Killed a two-headed ogre
 10532 | D:8      | Killed a seven-headed hydra
 10533 | D:8      | Reached skill level 15 in Polearms
 10533 | D:8      | Reached XP level 11. HP: 84/84 MP: 16/16
 10574 | D:8      | Found a large runed translucent door.
 10575 | D:8      | Found a large runed translucent door.
 10912 | D:8      | Noticed Erica
 10936 | D:8      | Killed Erica
 11173 | D:8      | Found a runed translucent door.
 11173 | D:8      | Found a shimmering altar of Xom.
 11173 | D:8      | Noticed snackwell's ghost (novice MfTm)
 11173 | D:8      | Noticed a +3 quarterstaff of chaos
 11321 | D:8      | Found a hazy altar of Hepliaklqana.
 11445 | D:8      | Found a shimmering altar of Xom.
 11445 | D:8      | Noticed a wolf spider
 11456 | D:8      | Killed a wolf spider
 11553 | D:8      | Found an ancient bone altar of Kikubaaqudgha.
 11553 | D:8      | Noticed a cyclops
 11561 | D:8      | Killed a cyclops
 11783 | D:9      | Found a runed translucent gate.
 11783 | D:9      | Found a runed translucent gate.
 11783 | D:9      | Found a runed translucent gate.
 11783 | D:9      | Identified the +5 plate armour of Unreason {rC+++ Regen+
                  | rCorr Dex-2}
 11785 | D:9      | Noticed ENesbit's ghost (novice HuGl)
 12012 | D:9      | Gained mutation: You have somewhat slow reflexes. (EV -5)
                  | [Ru sacrifice]
 12012 | D:9      | Reached * piety under Ru
 12012 | D:9      | Reached ** piety under Ru
 12342 | D:9      | Found a sacrificial altar of Ru.
 12719 | D:9      | Found a roughly hewn altar of Beogh.
 12812 | D:9      | Noticed a fire dragon
 12813 | D:9      | Found the +2 robe of Vines {NoPotionHeal Regen+++}
 12816 | D:9      | Noticed a five-headed hydra
 12862 | D:9      | Killed a fire dragon
 12863 | D:9      | Reached skill level 5 in Armour
 12863 | D:9      | Reached skill level 5 in Spellcasting
 13268 | D:9      | Noticed a two-headed ogre
 13279 | D:9      | Killed a two-headed ogre
 13384 | D:9      | Killed a five-headed hydra
 14015 | D:9      | Killed ENesbit's ghost
 14050 | D:9      | Reached XP level 12. HP: 72/91 MP: 21/21
 14125 | D:10     | Entered Level 10 of the Dungeon
 14195 | D:10     | Noticed a four-headed hydra
 14211 | D:10     | Killed a five-headed hydra
 14520 | D:10     | Gained mutation: Your magical capacity is low. (-10% MP)
                  | [Ru sacrifice]
 14562 | D:10     | Found a staircase to the Lair.
 14747 | D:10     | Noticed Maurice
 14755 | D:10     | Killed Maurice
 15032 | D:10     | Gained mutation: Your mind is acute. (Int +2) [potion of
                  | mutation]
 15032 | D:10     | Gained mutation: Your system is resistant to poisons.
                  | (rPois) [potion of mutation]
 15032 | D:10     | Gained mutation: You are clumsy. (Dex -2) [potion of
                  | mutation]
 15032 | D:10     | Gained mutation: Your muscles are strong. (Str +2) [potion
                  | of mutation]
 15124 | D:11     | Reached skill level 16 in Polearms
 15196 | D:11     | Found a staircase to the Orcish Mines.
 15309 | D:11     | Learned a level 3 spell: Frozen Ramparts
 15313 | D:11     | Learned a level 3 spell: Ozocubu's Armour
 15318 | D:11     | Learned a level 4 spell: Hailstorm
 15321 | D:11     | Learned a level 2 spell: Swiftness
 15893 | D:11     | Reached skill level 10 in Fighting
 16160 | D:12     | Noticed Gastronok
 16160 | D:12     | Noticed a two-headed ogre
 16175 | D:12     | Killed a two-headed ogre
 16200 | D:12     | Killed Gastronok
 16201 | D:12     | Reached XP level 13. HP: 55/103 MP: 20/20
 16404 | D:12     | Reached skill level 1 in Poison Magic
 16432 | D:12     | Reached skill level 1 in Summonings
 16451 | D:12     | Reached skill level 1 in Short Blades
 16720 | D:13     | Reached skill level 1 in Hexes
 16883 | D:13     | Reached skill level 1 in Earth Magic
 16918 | D:13     | Reached skill level 1 in Invocations
 17021 | D:13     | Noticed Wipuing's ghost (journeyman MiBe)
 17024 | D:13     | Found a bloodstained altar of Trog.
 17024 | D:13     | Identified the +7 giant club "Xoan" {antimagic, rElec rF-
                  | Str+3 Stlth+}
 17024 | D:13     | Identified the +7 great mace of the Dark Horse {antimagic,
                  | Int+3 Dex+2}
 17024 | D:13     | Noticed an ettin
 17301 | D:13     | Found a transporter.
 17306 | D:13     | Identified the +8 great sword of Abohasm {antimagic, rF+
                  | Dex+2}
 17309 | D:13     | Found a transporter.
 17722 | D:14     | Noticed Rupert
 17723 | D:14     | Paralysed by Rupert for 5 turns
 17740 | D:14     | Noticed Jorgrun
 17787 | D:13     | Paralysed by Rupert for 3 turns
 17841 | D:13     | Paralysed by Rupert for 3 turns
 17847 | D:13     | Killed Rupert
 17848 | D:13     | Reached skill level 5 in Ice Magic
 17987 | D:14     | Noticed a vault guard
 17989 | D:14     | Slain by a large slime creature

Illustrated notes

Levels and vault maps discovered:
D:1:      dpeg_arrival_houses_and_road, layout_loops_ring
D:2:      layout_loops_ring, uniq_sigmund
D:3:      layout_basic, marbit_many_paths,
          nzn_overflow_gifts_of_might_and_magic, nicolae_ru_path_of_blood
D:4:      layout_gridville, chequers_temple_overflow_statue_of_worship,
          uniq_edmund
D:5:      layout_cave_pools, fedhas_altar_2, minmay_temple_entry_waves,
          lightli_ossuary_entry_decrepit_ruins
D:6:      layout_basic, nicolae_gozag_cash_rules_everything_around_me,
          gammafunk_temple_overflow_pools
D:7:      hangedman_cross_stitches, layout_basic, okawaru_metal_pillars_1_2,
          kennysheep_mini, serial_co_window_serial, co_window_corner_a,
          co_window_paths_b, co_window_paths_a, co_window_paths_a,
          co_window_corner_a, co_window_paths_a, co_window_paths_a,
          co_window_paths_b, co_window_cross_1, co_window_broadway_a,
          co_window_broadway_a, co_window_paths_c, co_window_paths_e,
          glass_columns_a, glass_columns_b, glass_columns_a,
          minmay_misc_feat_iff, uniq_pikel
D:8:      layout_basic, nzn_hepliaklqana_mist_gate, ebering_ghost_xom,
          jmf_multi_god_temple2, uniq_erica
D:9:      minmay_the_grid_four_pointed_star [minmay_the_grid_triangle_9x9_empty,
          minmay_the_grid_triangle_9x9_windchime,
          minmay_the_grid_triangle_9x9_pentomino_pain,
          minmay_the_grid_triangle_9x9_skeleton,
          minmay_the_grid_prize_diamond_cup], layout_basic,
          biasface_ghost_orc_armoury, basic_altar
D:10:     layout_cave_pods, lair_entry_dummy, amethyst_killhole, uniq_maurice
D:11:     layout_roguey, zombieorc2_lemuel
D:12:     layout_gridville, uniq_gastronok
D:13:     layout_stronghold, gammafunk_ghost_wrathful_warriors,
          fungi_pond_lemuel
D:14:     layout_loops_cross, ximxim_vaults_locker_room, serial_shops, shop,
          nicolae_twisting_strands, kennysheep_donut, minmay_statue_bubble,
          uniq_rupert, uniq_jorgrun

Skill      XL: |  1  2  3  4  5  6  7  8  9 10 11 12 13 |
---------------+----------------------------------------+-----
Polearms       | 5 7 9 12 15 16 | 16.1
Fighting       | 4 5 7 10 | 10.6
Stealth        | 0 |  0.0
Armour         | 2 3 4 5 7 8 |  8.4
Dodging        | 6 9 11 13 | 13.6
Ice Magic      | 1 5 |  5.2
Spellcasting   | 3 6 |  6.2
Poison Magic   | 1 |  1.2
Summonings     | 1 |  1.3
Short Blades   | 1 |  1.0
Hexes          | 1 |  1.1
Earth Magic    | 1 |  1.0
Invocations    | 1 |  1.0
Long Blades    | |  0.6
Maces & Flails | |  0.4
Bows           | |  0.6
Crossbows      | |  0.6
Shields        | |  0.5
Necromancy     | |  0.9
Translocations | |  0.3
Transmutations | |  0.8
Fire Magic     | |  0.8

Action                   |  1- 3 |  4- 6 |  7- 9 | 10-12 | 13-15 || total
-------------------------+-------+-------+-------+-------+-------++-------
Melee: Spear             |    96 |    88 |   317 |       |       ||   501
       Scythe            |       |    58 |       |       |       ||    58
       Trident           |       |       |   360 |   505 |       ||   865
       Halberd           |       |       |       |   373 |   259 ||   632
       Tailslap          |       |       |       |       |     6 ||     6
 Fire: Hunting sling     |    44 |     1 |       |       |       ||    45
Throw: Stone             |     6 |       |       |       |       ||     6
       Boomerang         |       |       |       |     2 |       ||     2
 Cast: Freeze            |       |       |     1 |       |       ||     1
Invok: Sacrifice Stealth |       |     1 |       |       |       ||     1
       Reject Sacrifices |       |       |     1 |     1 |       ||     2
       Sacrifice Health  |       |       |       |     1 |       ||     1
       Sacrifice Essence |       |       |       |     1 |       ||     1
Evoke: Wand              |       |       |     2 |    17 |    21 ||    40
       Phial of floods   |       |       |       |       |     1 ||     1
  Use: Potion            |     2 |       |     4 |    12 |       ||    18
       Scroll            |       |       |     1 |    18 |     1 ||    20
 Stab: Sleeping          |       |     2 |       |       |       ||     2
       Distracted        |       |       |       |     1 |     1 ||     2
       Invisible         |       |       |       |     2 |       ||     2
       Petrified         |       |       |       |       |     4 ||     4
Armor: Robe              |     5 |       |       |   104 |   118 ||   227
       Chain mail        |    29 |    54 |       |       |       ||    83
       Skin              |    12 |     2 |       |       |       ||    14
       Leather armour    |       |     8 |   128 |    15 |       ||   151
       Fire dragon scale |       |       |       |    16 |       ||    16
Dodge: Dodged            |    42 |    46 |   332 |   396 |   177 ||   993

Table legend: (Time is in decaauts)
 A = Elapsed time spent in this place.
 B = Non-inter-level travel time spent in this place.
 C = Inter-level travel time spent in this place.
 D = Time resting spent in this place.
 E = Time spent auto-exploring this place.
 F = Levels seen in this place.
 G = Mean time per level.
                   A        B        C        D        E       F      G
               +--------+--------+--------+--------+--------+-----+--------+
         Total |  17332 |  16858 |    474 |   4696 |   8983 |  15 | 1155.5 |
       Dungeon |  16930 |  16456 |    474 |   4506 |   8891 |  14 | 1209.3 |
       Ossuary |    402 |    402 |      0 |    190 |     92 |   1 |  402.0 |
               +--------+--------+--------+--------+--------+-----+--------+

Top non-repeatable levels by time:
     D:9: 2221 daAuts
     D:7: 2145 daAuts
     D:8: 1926 daAuts
     D:6: 1868 daAuts
    D:13: 1181 daAuts
     D:4: 1162 daAuts
     D:3: 1013 daAuts
     D:5: 1004 daAuts
     D:1: 984 daAuts
     D:2: 948 daAuts
    D:10: 941 daAuts
    D:11: 762 daAuts
    D:12: 691 daAuts
 Ossuary: 402 daAuts
    D:14: 76 daAuts
